Anaheim Ducks vs Vegas Golden Knights
Created - Wednesday, March 29, 2023 at 07:00
Goals
|
| Anaheim Ducks |
0 |
1 |
1 |
2 |
| Vegas Golden Knights |
0 |
0 |
1 |
1 |
|
Shots
|
| Anaheim Ducks |
11 |
14 |
17 |
42 |
| Vegas Golden Knights |
3 |
8 |
11 |
22 |
|
1st period
No Goal
Penalties :
No Penalty
2nd period
1. Anaheim Ducks , Alex Killorn 6 (Brenden Dillon 3) at 9:31
Penalties :
Anthony Cirelli (VGK) for Hooking (Minor) at 4:54, Alex Killorn (ANA) for Roughing (Minor) at 6:34, Marc Staal (VGK) for Hooking (Minor) at 6:58, Anthony Cirelli (VGK) for High sticking (Minor) at 9:53
3rd period
2. Vegas Golden Knights , P.K. Subban 2 (Rickard Rakell 8, Jaden Schwartz 3) at 2:57
3. Anaheim Ducks , Mason Marchment 3 (Esa Lindell 7, Jakob Chychrun 3) at 15:03
Penalties :
Zach Parise (VGK) for Hooking (Minor) at 6:48
Goalie Stats
Jack Campbell (ANA), 21 saves from 22 shots - (0.955), W, 6-3-2, 60:00 minutes
Casey DeSmith (VGK), 40 saves from 42 shots - (0.952), L, 5-3-1, 59:07 minutes
Players Stats for Anaheim Ducks
Player Name G A P +/- PIM S H SB GA TA FO MP PP MP PK MP
------------------------------------------------------------------------------------
Alex Killorn 1 0 1 0 2 4 1 2 0 0 0/1 17:45 2:56 0:00
Brayden Schenn 0 0 0 -1 0 4 1 0 0 2 0/0 15:57 2:40 0:00
Brenden Dillon 0 1 1 1 0 0 2 1 0 0 0/0 13:41 0:24 0:00
Chandler Stephenson 0 0 0 0 0 4 2 0 1 0 8/13 12:56 0:00 0:00
Esa Lindell 0 1 1 0 0 0 1 5 0 1 0/0 22:23 2:11 0:05
Ivan Provorov 0 0 0 0 0 1 2 2 0 1 0/0 29:04 3:27 0:05
J.T. Compher 0 0 0 0 0 2 0 1 0 0 0/0 11:58 0:00 0:00
Jakob Chychrun 0 1 1 1 0 0 2 2 0 1 0/0 18:59 2:35 0:00
John Tavares 0 0 0 1 0 0 0 1 0 0 1/2 21:31 3:22 0:00
Josh Manson 0 0 0 0 0 1 1 1 0 2 0/0 11:57 0:00 0:00
Josh Morrissey 0 0 0 0 0 1 2 1 0 0 0/0 23:56 3:27 0:00
Mark Scheifele 0 0 0 0 0 3 1 0 0 0 10/15 17:31 2:57 0:00
Mason Marchment 1 0 1 1 0 3 1 0 1 0 0/0 8:20 0:00 0:00
Max Domi 0 0 0 1 0 2 1 0 0 0 0/1 8:20 0:00 0:00
Nazem Kadri 0 0 0 0 0 7 1 0 0 0 14/25 21:13 3:05 0:05
Radek Faksa 0 0 0 1 0 3 4 0 0 0 2/2 8:20 0:00 0:00
Teuvo Teravainen 0 0 0 0 0 3 1 0 1 0 0/1 12:56 0:00 0:00
William Nylander 0 0 0 0 0 4 0 0 1 0 1/3 21:13 3:05 0:05
Players Stats for Vegas Golden Knights
Player Name G A P +/- PIM S H SB GA TA FO MP PP MP PK MP
------------------------------------------------------------------------------------
Andreas Johnsson 0 0 0 -1 0 1 0 0 0 0 0/0 7:48 0:00 0:00
Andrew Peeke 0 0 0 -1 0 2 0 3 1 0 0/0 23:21 0:05 2:57
Anthony Cirelli 0 0 0 1 4 0 1 0 0 0 3/11 18:00 0:05 1:02
Artemi Panarin 0 0 0 0 0 3 0 0 1 0 1/4 17:26 0:05 0:00
Brian Dumoulin 0 0 0 0 0 1 2 1 0 0 0/0 26:12 0:00 3:05
Colin White 0 0 0 -1 0 0 0 1 0 0 0/4 7:48 0:00 0:00
Jaden Schwartz 0 1 1 1 0 0 0 0 0 0 0/0 16:58 0:00 0:47
John Marino 0 0 0 0 0 0 0 0 1 1 0/0 23:34 0:00 0:21
Jonathan Drouin 0 0 0 0 0 1 0 1 2 0 1/2 11:15 0:00 0:00
Jordan Staal 0 0 0 -1 0 1 1 1 0 0 20/34 21:11 0:05 3:08
Marc Staal 0 0 0 -1 2 1 0 1 0 0 0/0 22:04 0:04 2:54
Marc-Edouard Vlasic 0 0 0 0 0 0 2 1 0 1 0/0 13:51 0:00 2:44
Michael Rasmussen 0 0 0 -1 0 1 2 1 0 1 1/5 14:10 0:00 2:21
P.K. Subban 1 0 1 -1 0 1 0 0 0 0 0/0 11:31 0:00 0:03
Rickard Rakell 0 1 1 1 0 4 1 0 2 0 1/3 15:58 0:00 0:00
Tom Wilson 0 0 0 0 0 3 3 2 0 0 0/0 20:18 0:00 3:26
Victor Olofsson 0 0 0 -1 0 0 2 0 0 1 0/0 7:48 0:00 0:00
Zach Parise 0 0 0 0 2 3 0 0 0 0 0/0 12:47 0:00 1:20
3 Stars
1 - Casey DeSmith (VGK)
2 - Mason Marchment (ANA)
3 - Jack Campbell (ANA)
Power Play
Anaheim Ducks - 0 on 4 Attempt(s) - 0.00%
Vegas Golden Knights - 0 on 1 Attempt(s) - 0.00%
Penalty Kill
Anaheim Ducks - 1 on 1 Attempt(s) - 100.00%
- Score 0 goal in Penalty Kill
Vegas Golden Knights - 4 on 4 Attempt(s) - 100.00%
- Score 0 goal in Penalty Kill
Team Stat
Anaheim Ducks - Hits : 23 - Faceoff Wins : 36 - Blocked Shots : 16 - Penalty Minutes : 2
Vegas Golden Knights - Hits : 14 - Faceoff Wins : 27 - Blocked Shots : 12 - Penalty Minutes : 8
Official
Referees : Jon Mclsaac and Jean Hebert
Linesman : Don Henderson and Brian Mach
Game Notes
No Game Note
Finance
Level 1 -- Attendance: 6000 (100.00%) -- Ticket Income $570,000
Level 2 -- Attendance: 4474 (89.48%) -- Ticket Income $246,070
Level 3 -- Attendance: 2749 (91.63%) -- Ticket Income $82,470
Level 4 -- Attendance: 4982 (99.64%) -- Ticket Income $99,640
Luxury Box -- Attendance: 1000 (100.00%) -- Ticket Income $190,000
Game was played at the T-Mobile Arena.
Total Attendance: 19205 (96.03%)
Total Ticket Income: $1,188,180
Other Income: $415,863
Total Income: $1,604,043
Anaheim Ducks
5 vs 5 Forward
Center Left Wing Right Wing Time % Phy DF OF
1 Nazem Kadri John Tavares William Nylander 40 1 2 2
2 Mark Scheifele Brayden Schenn Alex Killorn 30 1 2 2
3 Chandler Stephenson J.T. Compher Teuvo Teravainen 20 1 3 1
4 Radek Faksa Mason Marchment Max Domi 10 1 2 2
5 vs 5 Defense
Defense Defense Time % Phy DF OF
1 Ivan Provorov Josh Morrissey 40 1 2 2
2 Jakob Chychrun Esa Lindell 30 1 2 2
3 Brenden Dillon Josh Manson 20 1 2 2
4 Ivan Provorov Esa Lindell 10 1 2 2
PowerPlay Forward
Center Left Wing Right Wing Time % Phy DF OF
1 Nazem Kadri John Tavares William Nylander 60 1 2 2
2 Mark Scheifele Brayden Schenn Alex Killorn 40 1 2 2
PowerPlay Defense
Defense Defense Time % Phy DF OF
1 Ivan Provorov Josh Morrissey 60 1 2 2
2 Esa Lindell Jakob Chychrun 40 1 2 2
Penalty Kill 4 Players Forward
Center Wing Time % Phy DF OF
1 Chandler Stephenson Alex Killorn 60 1 2 2
2 J.T. Compher Teuvo Teravainen 40 1 2 2
Penalty Kill 4 Players Defense
Defense Defense Time % Phy DF OF
1 Ivan Provorov Esa Lindell 60 1 2 2
2 Josh Manson Jakob Chychrun 40 1 2 2
Penalty Kill - 3 Players Forward
Forward Time % Phy DF OF
1 Alex Killorn 60 1 2 2
2 Teuvo Teravainen 40 1 2 2
Penalty Kill - 3 Players Defense
Defense Defense Time % Phy DF OF
1 Ivan Provorov Esa Lindell 60 1 2 2
2 Josh Manson Jakob Chychrun 40 1 2 2
4 vs 4 Forward
Center Wing Time % Phy DF OF
1 Nazem Kadri William Nylander 60 1 2 2
2 John Tavares Mark Scheifele 40 1 2 2
4 vs 4 Defense
Defense Defense Time % Phy DF OF
1 Esa Lindell Ivan Provorov 60 1 2 2
2 Brenden Dillon Jakob Chychrun 40 1 2 2
Last Minutes Offensive
Center Left Wing Right Wing Defense Defense
Nazem Kadri Mark Scheifele William Nylander Jakob Chychrun Josh Morrissey
Last Minutes Defensive
Center Left Wing Right Wing Defense Defense
Chandler Stephenson Alex Killorn Teuvo Teravainen Ivan Provorov Esa Lindell
Goaltenders
Starting : Jack Campbell
Backup : Robin Lehner
Extra Forwards
Normal : Nazem Kadri, William Nylander, Mark Scheifele - PP : William Nylander, Nazem Kadri - PK : Alex Killorn
Extra Defensemen
Normal : Ivan Provorov, Esa Lindell, Jakob Chychrun - PP : Josh Morrissey - PK : Ivan Provorov, Esa Lindell
Penalty Shots
Jakob Chychrun, Brenden Dillon, Mark Scheifele, John Tavares, Nazem Kadri
Vegas Golden Knights
5 vs 5 Forward
Center Left Wing Right Wing Time % Phy DF OF
1 Jordan Staal Artemi Panarin Tom Wilson 40 1 2 2
2 Anthony Cirelli Jaden Schwartz Rickard Rakell 30 1 2 2
3 Michael Rasmussen Zach Parise Jonathan Drouin 20 1 2 2
4 Colin White Andreas Johnsson Victor Olofsson 10 1 2 2
5 vs 5 Defense
Defense Defense Time % Phy DF OF
1 Brian Dumoulin John Marino 40 1 2 2
2 Marc Staal Andrew Peeke 30 1 2 2
3 Marc-Edouard Vlasic P.K. Subban 20 1 2 2
4 Brian Dumoulin John Marino 10 1 2 2
PowerPlay Forward
Center Left Wing Right Wing Time % Phy DF OF
1 Colin White Artemi Panarin Tom Wilson 60 1 2 2
2 Michael Rasmussen Andreas Johnsson Rickard Rakell 40 1 2 2
PowerPlay Defense
Defense Defense Time % Phy DF OF
1 Jaden Schwartz P.K. Subban 60 1 2 2
2 Victor Olofsson John Marino 40 1 2 2
Penalty Kill 4 Players Forward
Center Wing Time % Phy DF OF
1 Jordan Staal Tom Wilson 60 1 2 2
2 Anthony Cirelli Zach Parise 40 1 2 2
Penalty Kill 4 Players Defense
Defense Defense Time % Phy DF OF
1 Marc Staal Andrew Peeke 60 1 2 2
2 Marc-Edouard Vlasic Brian Dumoulin 40 1 2 2
Penalty Kill - 3 Players Forward
Forward Time % Phy DF OF
1 Anthony Cirelli 60 1 2 2
2 Zach Parise 40 1 2 2
Penalty Kill - 3 Players Defense
Defense Defense Time % Phy DF OF
1 Marc Staal Andrew Peeke 60 1 2 2
2 Marc-Edouard Vlasic Brian Dumoulin 40 1 2 2
4 vs 4 Forward
Center Wing Time % Phy DF OF
1 Jordan Staal Artemi Panarin 60 1 2 2
2 Anthony Cirelli Tom Wilson 40 1 2 2
4 vs 4 Defense
Defense Defense Time % Phy DF OF
1 Marc Staal Andrew Peeke 60 1 2 2
2 Brian Dumoulin John Marino 40 1 2 2
Last Minutes Offensive
Center Left Wing Right Wing Defense Defense
Jordan Staal Artemi Panarin Tom Wilson Brian Dumoulin John Marino
Last Minutes Defensive
Center Left Wing Right Wing Defense Defense
Jordan Staal Zach Parise Tom Wilson Brian Dumoulin Andrew Peeke
Goaltenders
Starting : Casey DeSmith
Backup : Philipp Grubauer
Extra Forwards
Normal : Rickard Rakell, Artemi Panarin, Jordan Staal - PP : Anthony Cirelli, Zach Parise - PK : Michael Rasmussen
Extra Defensemen
Normal : Marc Staal, John Marino, Brian Dumoulin - PP : Marc Staal - PK : John Marino, P.K. Subban
Penalty Shots
Artemi Panarin, Rickard Rakell, Andreas Johnsson, Anthony Cirelli, Victor Olofsson
% Time on Ice - Anaheim Ducks
Lines # - Real PCT - Wanted PCT - Time Play
Normal Forward
1 - 33% - 40% - 16:52
2 - 27% - 30% - 13:51
3 - 23% - 20% - 11:58
4 - 16% - 10% - 8:20
Normal Defense
1 - 40% - 40% - 20:29
2 - 31% - 30% - 15:38
3 - 23% - 20% - 11:57
4 - 6% - 10% - 2:57
PP Forward
1 - 51% - 60% - 3:05
2 - 49% - 40% - 2:57
PP Defense
1 - 57% - 60% - 3:27
2 - 43% - 40% - 2:35
PK Forward
1 - 100% - 60% - 0:05
2 - 0% - 40% - 0:00
PK Defense
1 - 100% - 60% - 0:05
2 - 0% - 40% - 0:00
PK3 Forward
1 - 0% - 60%
2 - 0% - 40%
PK3 Defense
1 - 0% - 60%
2 - 0% - 40%
44 Forward
1 - 62% - 60% - 1:11
2 - 38% - 40% - 0:43
44 Defense
1 - 60% - 60% - 1:08
2 - 40% - 40% - 0:46
Last Minute Offensive - 0:00
Last Minute Defensive - 0:58
Total
Forward - 60:00
Defense - 60:00
|
% Time on Ice - Vegas Golden Knights
Lines # - Real PCT - Wanted PCT - Time Play
Normal Forward
1 - 31% - 40% - 16:00
2 - 31% - 30% - 15:58
3 - 22% - 20% - 11:15
4 - 15% - 10% - 7:48
Normal Defense
1 - 39% - 40% - 19:44
2 - 36% - 30% - 18:09
3 - 21% - 20% - 10:54
4 - 4% - 10% - 2:14
PP Forward
1 - 100% - 60% - 0:05
2 - 0% - 40% - 0:00
PP Defense
1 - 100% - 60% - 0:05
2 - 0% - 40% - 0:00
PK Forward
1 - 64% - 60% - 3:52
2 - 36% - 40% - 2:10
PK Defense
1 - 49% - 60% - 2:57
2 - 51% - 40% - 3:05
PK3 Forward
1 - 0% - 60%
2 - 0% - 40%
PK3 Defense
1 - 0% - 60%
2 - 0% - 40%
44 Forward
1 - 64% - 60% - 1:13
2 - 36% - 40% - 0:41
44 Defense
1 - 81% - 60% - 1:32
2 - 19% - 40% - 0:22
Last Minute Offensive - 0:58
Last Minute Defensive - 0:00
Total
Forward - 60:00
Defense - 60:00
|
Play-by-Play
1st period
0:01 of 1st period - Nazem Kadri wins face-off versus Artemi Panarin in neutral zone.
0:14 of 1st period - Wrist shot by Nazem Kadri.
0:14 of 1st period - Stopped by Casey DeSmith without a rebound.
0:15 of 1st period - Anthony Cirelli wins face-off versus Mark Scheifele in Vegas Golden Knights zone.
0:17 of 1st period - Icing by Rickard Rakell.
0:18 of 1st period - Mark Scheifele wins face-off versus Rickard Rakell in Vegas Golden Knights zone.
0:23 of 1st period - Wrist shot by Alex Killorn.
0:23 of 1st period - Stopped by Casey DeSmith with a rebound.
0:44 of 1st period - Icing by Rickard Rakell.
0:45 of 1st period - Jonathan Drouin wins face-off versus Teuvo Teravainen in Vegas Golden Knights zone.
1:20 of 1st period - Snap shot by William Nylander.
1:20 of 1st period - Shot Blocked by Jordan Staal.
2:06 of 1st period - Wrist shot by Mark Scheifele.
2:06 of 1st period - Shot Misses the Net.
2:47 of 1st period - Jakob Chychrun is hit by Tom Wilson and loses puck.
3:22 of 1st period - Snap shot by Mason Marchment.
3:22 of 1st period - Stopped by Casey DeSmith with a rebound.
3:24 of 1st period - Wrist shot by Alex Killorn.
3:24 of 1st period - Stopped by Casey DeSmith without a rebound.
3:25 of 1st period - Mark Scheifele wins face-off versus Jonathan Drouin in Vegas Golden Knights zone.
4:35 of 1st period - Wrist shot by Jonathan Drouin.
4:35 of 1st period - Shot Hit the Post.
4:56 of 1st period - Josh Morrissey is hit by Michael Rasmussen and loses puck.
5:49 of 1st period - Slapshot by Jonathan Drouin.
5:49 of 1st period - Shot Blocked by Josh Manson.
5:51 of 1st period - Slapshot by P.K. Subban.
5:51 of 1st period - Shot Misses the Net.
5:53 of 1st period - Wrist shot by Michael Rasmussen.
5:53 of 1st period - Deflect By Zach Parise.
5:53 of 1st period - Stopped by Jack Campbell without a rebound.
5:54 of 1st period - Nazem Kadri wins face-off versus Jordan Staal in Anaheim Ducks zone.
5:59 of 1st period - Nazem Kadri is hit by Brian Dumoulin and loses puck.
6:12 of 1st period - Jakob Chychrun is hit by Tom Wilson and loses puck.
6:27 of 1st period - Slapshot by Rickard Rakell.
6:27 of 1st period - Shot Blocked by Esa Lindell.
6:29 of 1st period - Slapshot by John Marino.
6:29 of 1st period - Shot Blocked by Jakob Chychrun.
6:45 of 1st period - Slapshot by Mark Scheifele.
6:45 of 1st period - Shot Misses the Net.
6:53 of 1st period - Slapshot by Max Domi.
6:53 of 1st period - Stopped by Casey DeSmith without a rebound.
6:54 of 1st period - Nazem Kadri wins face-off versus Jordan Staal in Vegas Golden Knights zone.
6:57 of 1st period - Wrist shot by Nazem Kadri.
6:57 of 1st period - Stopped by Casey DeSmith with a rebound.
7:20 of 1st period - Jaden Schwartz is hit by Radek Faksa and loses puck.
8:09 of 1st period - Wrist shot by William Nylander.
8:09 of 1st period - Stopped by Casey DeSmith with a rebound.
8:53 of 1st period - Marc-Edouard Vlasic is hit by Ivan Provorov and loses puck.
9:04 of 1st period - P.K. Subban is hit by Mason Marchment and loses puck.
9:56 of 1st period - Icing by Anthony Cirelli.
9:57 of 1st period - Chandler Stephenson wins face-off versus Colin White in Vegas Golden Knights zone.
10:42 of 1st period - Snap shot by Rickard Rakell.
10:42 of 1st period - Shot Hit the Post.
11:33 of 1st period - Wrist shot by Andreas Johnsson.
11:33 of 1st period - Stopped by Jack Campbell without a rebound.
11:34 of 1st period - Nazem Kadri wins face-off versus Jordan Staal in Anaheim Ducks zone.
11:49 of 1st period - Snap shot by Nazem Kadri.
11:49 of 1st period - Shot Misses the Net.
11:51 of 1st period - Slapshot by Ivan Provorov.
11:51 of 1st period - Shot Blocked by Brian Dumoulin.
12:10 of 1st period - Snap shot by Anthony Cirelli.
12:10 of 1st period - Shot Misses the Net.
12:28 of 1st period - Slapshot by Chandler Stephenson.
12:28 of 1st period - Stopped by Casey DeSmith without a rebound.
12:29 of 1st period - Jordan Staal wins face-off versus Nazem Kadri in Vegas Golden Knights zone.
12:46 of 1st period - Snap shot by Nazem Kadri.
12:46 of 1st period - Deflect By John Tavares.
12:46 of 1st period - Shot Misses the Net.
12:46 of 1st period - Puck is out of play.
12:47 of 1st period - Mark Scheifele wins face-off versus Anthony Cirelli in Vegas Golden Knights zone.
12:52 of 1st period - Wrist shot by Brayden Schenn.
12:52 of 1st period - Shot Misses the Net.
13:00 of 1st period - Wrist shot by Brayden Schenn.
13:00 of 1st period - Stopped by Casey DeSmith with a rebound.
13:04 of 1st period - Snap shot by Mark Scheifele.
13:04 of 1st period - Deflect By Brayden Schenn.
13:04 of 1st period - Stopped by Casey DeSmith without a rebound.
13:05 of 1st period - Jordan Staal wins face-off versus Nazem Kadri in Vegas Golden Knights zone.
13:20 of 1st period - Snap shot by Nazem Kadri.
13:20 of 1st period - Stopped by Casey DeSmith with a rebound.
13:22 of 1st period - Slapshot by Ivan Provorov.
13:22 of 1st period - Shot Blocked by Tom Wilson.
13:32 of 1st period - Mark Scheifele is hit by Rickard Rakell and loses puck.
13:56 of 1st period - Off-side.
13:57 of 1st period - Radek Faksa wins face-off versus Michael Rasmussen in neutral zone.
14:08 of 1st period - Snap shot by Zach Parise.
14:08 of 1st period - Stopped by Jack Campbell with a rebound.
14:12 of 1st period - Snap shot by Jonathan Drouin.
14:12 of 1st period - Shot Misses the Net.
14:22 of 1st period - Brian Dumoulin is hit by Brenden Dillon and loses puck.
15:06 of 1st period - J.T. Compher is hit by Victor Olofsson and loses puck.
16:00 of 1st period - Slapshot by Tom Wilson.
16:00 of 1st period - Shot Blocked by Esa Lindell.
16:02 of 1st period - Snap shot by Tom Wilson.
16:02 of 1st period - Shot Blocked by Esa Lindell.
16:38 of 1st period - Esa Lindell is hit by Victor Olofsson and loses puck.
16:51 of 1st period - Wrist shot by Artemi Panarin.
16:51 of 1st period - Shot Misses the Net.
16:53 of 1st period - Snap shot by John Marino.
16:53 of 1st period - Shot Blocked by Jakob Chychrun.
17:13 of 1st period - Slapshot by Alex Killorn.
17:13 of 1st period - Shot Misses the Net.
18:09 of 1st period - Tom Wilson is hit by Radek Faksa and loses puck.
19:18 of 1st period - Icing by Andrew Peeke.
19:19 of 1st period - Mark Scheifele wins face-off versus Jordan Staal in Vegas Golden Knights zone.
19:30 of 1st period - Slapshot by Artemi Panarin.
19:30 of 1st period - Deflect By Tom Wilson.
19:30 of 1st period - Shot Misses the Net.
19:30 of 1st period - Puck is out of play.
19:31 of 1st period - Nazem Kadri wins face-off versus Anthony Cirelli in Anaheim Ducks zone.
19:58 of 1st period - Brayden Schenn is hit by Jordan Staal and loses puck.
Goals for this period are 0 for Anaheim Ducks vs 0 for Vegas Golden Knights.
Shots for this period are 11 for Anaheim Ducks vs 3 for Vegas Golden Knights.
2nd period
0:01 of 2nd period - Nazem Kadri wins face-off versus Jordan Staal in neutral zone.
0:06 of 2nd period - Wrist shot by William Nylander.
0:06 of 2nd period - Stopped by Casey DeSmith without a rebound.
0:07 of 2nd period - Nazem Kadri wins face-off versus Artemi Panarin in Vegas Golden Knights zone.
0:08 of 2nd period - Wrist shot by William Nylander.
0:08 of 2nd period - Stopped by Casey DeSmith without a rebound.
0:09 of 2nd period - Jordan Staal wins face-off versus William Nylander in Vegas Golden Knights zone.
0:22 of 2nd period - Snap shot by John Tavares.
0:22 of 2nd period - Deflect By William Nylander.
0:22 of 2nd period - Stopped by Casey DeSmith with a rebound.
0:24 of 2nd period - Slapshot by Josh Morrissey.
0:24 of 2nd period - Stopped by Casey DeSmith without a rebound.
0:25 of 2nd period - Mark Scheifele wins face-off versus Anthony Cirelli in Vegas Golden Knights zone.
0:40 of 2nd period - Snap shot by Rickard Rakell.
0:40 of 2nd period - Shot Misses the Net.
0:52 of 2nd period - Brian Dumoulin is hit by Josh Morrissey.
1:20 of 2nd period - Mason Marchment is hit by Marc-Edouard Vlasic and loses puck.
1:39 of 2nd period - Wrist shot by Chandler Stephenson.
1:39 of 2nd period - Deflect By Teuvo Teravainen.
1:39 of 2nd period - Shot Misses the Net.
1:39 of 2nd period - Puck is out of play.
1:40 of 2nd period - Chandler Stephenson wins face-off versus Anthony Cirelli in Vegas Golden Knights zone.
1:49 of 2nd period - Snap shot by Chandler Stephenson.
1:49 of 2nd period - Stopped by Casey DeSmith with a rebound.
2:07 of 2nd period - Brenden Dillon is hit by Brian Dumoulin and loses puck.
2:44 of 2nd period - Jaden Schwartz is hit by Chandler Stephenson and loses puck.
3:43 of 2nd period - Jordan Staal is hit by Nazem Kadri and loses puck.
3:52 of 2nd period - Snap shot by Nazem Kadri.
3:52 of 2nd period - Stopped by Casey DeSmith without a rebound.
3:53 of 2nd period - Mark Scheifele wins face-off versus Anthony Cirelli in Vegas Golden Knights zone.
4:06 of 2nd period - Wrist shot by Brayden Schenn.
4:06 of 2nd period - Stopped by Casey DeSmith without a rebound.
4:07 of 2nd period - John Tavares wins face-off versus Jordan Staal in Vegas Golden Knights zone.
4:24 of 2nd period - Wrist shot by Artemi Panarin.
4:24 of 2nd period - Shot Misses the Net.
4:54 of 2nd period - Minor Penalty to Anthony Cirelli for Hooking.
4:55 of 2nd period - William Nylander wins face-off versus Jordan Staal in Vegas Golden Knights zone.
5:48 of 2nd period - Slapshot by Alex Killorn.
5:48 of 2nd period - Shot Blocked by Marc-Edouard Vlasic.
5:50 of 2nd period - Snap shot by Brayden Schenn.
5:50 of 2nd period - Stopped by Casey DeSmith without a rebound.
5:51 of 2nd period - Jordan Staal wins face-off versus Nazem Kadri in Vegas Golden Knights zone.
6:17 of 2nd period - Michael Rasmussen is hit by Jakob Chychrun and loses puck.
6:32 of 2nd period - Slapshot by Michael Rasmussen.
6:32 of 2nd period - Stopped by Jack Campbell with a rebound.
6:34 of 2nd period - Minor Penalty to Alex Killorn for Roughing.
6:35 of 2nd period - Jordan Staal wins face-off versus Nazem Kadri in Anaheim Ducks zone.
6:38 of 2nd period - Snap shot by Jordan Staal.
6:38 of 2nd period - Stopped by Jack Campbell with a rebound.
6:40 of 2nd period - Wrist shot by Andrew Peeke.
6:40 of 2nd period - Stopped by Jack Campbell with a rebound.
6:42 of 2nd period - Slapshot by Marc Staal.
6:42 of 2nd period - Shot Blocked by Ivan Provorov.
6:44 of 2nd period - Wrist shot by Marc Staal.
6:44 of 2nd period - Stopped by Jack Campbell without a rebound.
6:45 of 2nd period - Nazem Kadri wins face-off versus Jordan Staal in Anaheim Ducks zone.
6:49 of 2nd period - Off-side.
6:50 of 2nd period - Nazem Kadri wins face-off versus Jordan Staal in neutral zone.
6:54 of 2nd period - Penalty to Anthony Cirelli is over, Anthony Cirelli is back on ice.
6:58 of 2nd period - Minor Penalty to Marc Staal for Hooking.
6:59 of 2nd period - Jordan Staal wins face-off versus Nazem Kadri in Vegas Golden Knights zone.
7:04 of 2nd period - Snap shot by Artemi Panarin.
7:04 of 2nd period - Shot Misses the Net.
7:12 of 2nd period - Wrist shot by Nazem Kadri.
7:12 of 2nd period - Shot Blocked by Andrew Peeke.
7:14 of 2nd period - Snap shot by William Nylander.
7:14 of 2nd period - Shot Misses the Net.
7:44 of 2nd period - Snap shot by Tom Wilson.
7:44 of 2nd period - Stopped by Jack Campbell without a rebound.
7:45 of 2nd period - Jordan Staal wins face-off versus William Nylander in Anaheim Ducks zone.
7:46 of 2nd period - Backhand shot by Artemi Panarin.
7:46 of 2nd period - Shot Misses the Net.
8:11 of 2nd period - Snap shot by Mark Scheifele.
8:11 of 2nd period - Deflect By John Tavares.
8:11 of 2nd period - Shot Misses the Net.
8:11 of 2nd period - Puck is out of play.
8:12 of 2nd period - Anthony Cirelli wins face-off versus John Tavares in Vegas Golden Knights zone.
8:34 of 2nd period - Penalty to Alex Killorn is over, Alex Killorn is back on ice.
8:58 of 2nd period - Penalty to Marc Staal is over, Marc Staal is back on ice.
9:31 of 2nd period - Slapshot by Alex Killorn.
9:31 of 2nd period - Goal by Alex Killorn - Anaheim Ducks : 1 - Vegas Golden Knights : 0.
9:32 of 2nd period - Chandler Stephenson wins face-off versus Anthony Cirelli in neutral zone.
9:45 of 2nd period - Snap shot by Teuvo Teravainen.
9:45 of 2nd period - Stopped by Casey DeSmith with a rebound.
9:47 of 2nd period - Snap shot by Chandler Stephenson.
9:47 of 2nd period - Shot Misses the Net.
9:53 of 2nd period - Minor Penalty to Anthony Cirelli for High sticking.
9:54 of 2nd period - Jordan Staal wins face-off versus Nazem Kadri in Vegas Golden Knights zone.
10:55 of 2nd period - Alex Killorn is hit by Michael Rasmussen and loses puck.
11:31 of 2nd period - Icing by Mark Scheifele.
11:32 of 2nd period - Mark Scheifele wins face-off versus Michael Rasmussen in Anaheim Ducks zone.
11:53 of 2nd period - Penalty to Anthony Cirelli is over, Anthony Cirelli is back on ice.
12:09 of 2nd period - Snap shot by Rickard Rakell.
12:09 of 2nd period - Stopped by Jack Campbell without a rebound.
12:10 of 2nd period - Rickard Rakell wins face-off versus Max Domi in Anaheim Ducks zone.
12:25 of 2nd period - Snap shot by Rickard Rakell.
12:25 of 2nd period - Stopped by Jack Campbell with a rebound.
13:03 of 2nd period - J.T. Compher is hit by Tom Wilson and loses puck.
13:51 of 2nd period - Off-side.
13:52 of 2nd period - Michael Rasmussen wins face-off versus Mark Scheifele in neutral zone.
13:54 of 2nd period - John Marino is hit by Brenden Dillon.
14:02 of 2nd period - Snap shot by Zach Parise.
14:02 of 2nd period - Shot Misses the Net.
14:04 of 2nd period - Slapshot by Brian Dumoulin.
14:04 of 2nd period - Stopped by Jack Campbell with a rebound.
14:30 of 2nd period - Snap shot by Nazem Kadri.
14:30 of 2nd period - Stopped by Casey DeSmith with a rebound.
15:11 of 2nd period - Slapshot by Colin White.
15:11 of 2nd period - Shot Misses the Net.
16:30 of 2nd period - Andreas Johnsson is hit by Radek Faksa.
16:42 of 2nd period - John Marino is hit by Radek Faksa.
17:24 of 2nd period - Snap shot by William Nylander.
17:24 of 2nd period - Shot Misses the Net.
18:07 of 2nd period - Snap shot by Max Domi.
18:07 of 2nd period - Stopped by Casey DeSmith with a rebound.
18:09 of 2nd period - Snap shot by Radek Faksa.
18:09 of 2nd period - Stopped by Casey DeSmith without a rebound.
18:10 of 2nd period - Nazem Kadri wins face-off versus Jordan Staal in Vegas Golden Knights zone.
18:37 of 2nd period - Marc Staal is hit by Alex Killorn and loses puck.
18:47 of 2nd period - Slapshot by Brian Dumoulin.
18:47 of 2nd period - Shot Blocked by Alex Killorn.
19:17 of 2nd period - Slapshot by Ivan Provorov.
19:17 of 2nd period - Stopped by Casey DeSmith with a rebound.
Goals for this period are 1 for Anaheim Ducks vs 0 for Vegas Golden Knights.
Shots for this period are 14 for Anaheim Ducks vs 8 for Vegas Golden Knights.
3rd period
0:01 of 3rd period - Jordan Staal wins face-off versus Nazem Kadri in neutral zone.
0:51 of 3rd period - Jonathan Drouin is hit by Teuvo Teravainen and loses puck.
1:06 of 3rd period - Slapshot by Brian Dumoulin.
1:06 of 3rd period - Shot Blocked by Brenden Dillon.
1:14 of 3rd period - Snap shot by Max Domi.
1:14 of 3rd period - Shot Blocked by Colin White.
1:16 of 3rd period - Wrist shot by Mason Marchment.
1:16 of 3rd period - Deflect By Colin White.
1:16 of 3rd period - Stopped by Casey DeSmith without a rebound.
1:17 of 3rd period - Jordan Staal wins face-off versus Nazem Kadri in Vegas Golden Knights zone.
1:28 of 3rd period - Snap shot by Tom Wilson.
1:28 of 3rd period - Shot Misses the Net.
1:30 of 3rd period - Slapshot by Tom Wilson.
1:30 of 3rd period - Shot Blocked by John Tavares.
1:32 of 3rd period - Wrist shot by Artemi Panarin.
1:32 of 3rd period - Stopped by Jack Campbell with a rebound.
1:34 of 3rd period - Slapshot by Andrew Peeke.
1:34 of 3rd period - Deflect By Nazem Kadri.
1:34 of 3rd period - Stopped by Jack Campbell with a rebound.
1:41 of 3rd period - Icing by Josh Morrissey.
1:42 of 3rd period - Mark Scheifele wins face-off versus Rickard Rakell in Anaheim Ducks zone.
1:42 of 3rd period - Mark Scheifele is hit by Anthony Cirelli.
1:53 of 3rd period - Off-side.
1:54 of 3rd period - Jordan Staal wins face-off versus Nazem Kadri in neutral zone.
1:57 of 3rd period - Wrist shot by Tom Wilson.
1:57 of 3rd period - Stopped by Jack Campbell without a rebound.
1:58 of 3rd period - Nazem Kadri wins face-off versus Jordan Staal in Anaheim Ducks zone.
2:27 of 3rd period - Slapshot by Anthony Cirelli.
2:27 of 3rd period - Shot Blocked by Josh Morrissey.
2:29 of 3rd period - Wrist shot by Rickard Rakell.
2:29 of 3rd period - Stopped by Jack Campbell without a rebound.
2:30 of 3rd period - Anthony Cirelli wins face-off versus Alex Killorn in Anaheim Ducks zone.
2:49 of 3rd period - Slapshot by Rickard Rakell.
2:49 of 3rd period - Shot Blocked by Alex Killorn.
2:55 of 3rd period - Wrist shot by Rickard Rakell.
2:55 of 3rd period - Shot Blocked by Esa Lindell.
2:57 of 3rd period - Slapshot by P.K. Subban.
2:57 of 3rd period - Goal by P.K. Subban - Anaheim Ducks : 1 - Vegas Golden Knights : 1.
2:58 of 3rd period - Jordan Staal wins face-off versus Nazem Kadri in neutral zone.
3:46 of 3rd period - Slapshot by John Marino.
3:46 of 3rd period - Shot Blocked by J.T. Compher.
4:11 of 3rd period - Snap shot by Jonathan Drouin.
4:11 of 3rd period - Stopped by Jack Campbell without a rebound.
4:12 of 3rd period - Jordan Staal wins face-off versus Nazem Kadri in Anaheim Ducks zone.
4:23 of 3rd period - Wrist shot by William Nylander.
4:23 of 3rd period - Shot Misses the Net.
4:25 of 3rd period - Slapshot by Josh Manson.
4:25 of 3rd period - Shot Blocked by Tom Wilson.
4:41 of 3rd period - Marc Staal is hit by Josh Manson and loses puck.
5:14 of 3rd period - Snap shot by Rickard Rakell.
5:14 of 3rd period - Stopped by Jack Campbell with a rebound.
5:50 of 3rd period - Radek Faksa is hit by Marc-Edouard Vlasic and loses puck.
6:41 of 3rd period - Brian Dumoulin is hit by Brayden Schenn and loses puck.
6:48 of 3rd period - Minor Penalty to Zach Parise for Hooking.
6:49 of 3rd period - Nazem Kadri wins face-off versus Jordan Staal in Vegas Golden Knights zone.
8:42 of 3rd period - Anthony Cirelli is hit by Ivan Provorov and loses puck.
8:48 of 3rd period - Penalty to Zach Parise is over, Zach Parise is back on ice.
8:53 of 3rd period - Marc-Edouard Vlasic is hit by Chandler Stephenson and loses puck.
8:58 of 3rd period - Snap shot by Teuvo Teravainen.
8:58 of 3rd period - Deflect By J.T. Compher.
8:58 of 3rd period - Stopped by Casey DeSmith with a rebound.
9:00 of 3rd period - Slapshot by J.T. Compher.
9:00 of 3rd period - Stopped by Casey DeSmith without a rebound.
9:01 of 3rd period - Chandler Stephenson wins face-off versus Colin White in Vegas Golden Knights zone.
9:02 of 3rd period - Wrist shot by Teuvo Teravainen.
9:02 of 3rd period - Stopped by Casey DeSmith without a rebound.
9:03 of 3rd period - Chandler Stephenson wins face-off versus Colin White in Vegas Golden Knights zone.
9:04 of 3rd period - Snap shot by Teuvo Teravainen.
9:04 of 3rd period - Stopped by Casey DeSmith with a rebound.
9:53 of 3rd period - Artemi Panarin is hit by Esa Lindell.
10:01 of 3rd period - Snap shot by Nazem Kadri.
10:01 of 3rd period - Stopped by Casey DeSmith without a rebound.
10:02 of 3rd period - Nazem Kadri wins face-off versus Anthony Cirelli in Vegas Golden Knights zone.
10:03 of 3rd period - Wrist shot by William Nylander.
10:03 of 3rd period - Deflect By John Tavares.
10:03 of 3rd period - Shot Blocked by Andrew Peeke.
10:03 of 3rd period - Puck is out of play.
10:04 of 3rd period - Nazem Kadri wins face-off versus Anthony Cirelli in Vegas Golden Knights zone.
10:25 of 3rd period - Andrew Peeke is hit by Josh Morrissey and loses puck.
11:44 of 3rd period - Slapshot by Nazem Kadri.
11:44 of 3rd period - Shot Blocked by Andrew Peeke.
12:10 of 3rd period - Wrist shot by Nazem Kadri.
12:10 of 3rd period - Stopped by Casey DeSmith with a rebound.
12:14 of 3rd period - Snap shot by William Nylander.
12:14 of 3rd period - Shot Misses the Net.
13:36 of 3rd period - Wrist shot by Rickard Rakell.
13:36 of 3rd period - Shot Misses the Net.
14:10 of 3rd period - Slapshot by Nazem Kadri.
14:10 of 3rd period - Deflect By Andrew Peeke.
14:10 of 3rd period - Shot Blocked by Marc Staal.
14:10 of 3rd period - Puck is out of play.
14:11 of 3rd period - Jordan Staal wins face-off versus Mark Scheifele in Vegas Golden Knights zone.
14:30 of 3rd period - Artemi Panarin is hit by Jakob Chychrun and loses puck.
15:03 of 3rd period - Wrist shot by Mason Marchment.
15:03 of 3rd period - Goal by Mason Marchment - Anaheim Ducks : 2 - Vegas Golden Knights : 1.
15:04 of 3rd period - Chandler Stephenson wins face-off versus Jordan Staal in neutral zone.
15:09 of 3rd period - Slapshot by Teuvo Teravainen.
15:09 of 3rd period - Shot Misses the Net.
15:11 of 3rd period - Slapshot by Chandler Stephenson.
15:11 of 3rd period - Stopped by Casey DeSmith with a rebound.
15:50 of 3rd period - Wrist shot by Zach Parise.
15:50 of 3rd period - Stopped by Jack Campbell with a rebound.
15:52 of 3rd period - Slapshot by Victor Olofsson.
15:52 of 3rd period - Deflect By Colin White.
15:52 of 3rd period - Shot Misses the Net.
15:52 of 3rd period - Puck is out of play.
15:53 of 3rd period - Radek Faksa wins face-off versus Colin White in Anaheim Ducks zone.
16:02 of 3rd period - Snap shot by Max Domi.
16:02 of 3rd period - Deflect By Radek Faksa.
16:02 of 3rd period - Stopped by Casey DeSmith with a rebound.
16:04 of 3rd period - Slapshot by Radek Faksa.
16:04 of 3rd period - Stopped by Casey DeSmith without a rebound.
16:05 of 3rd period - Chandler Stephenson wins face-off versus Michael Rasmussen in Vegas Golden Knights zone.
16:30 of 3rd period - Artemi Panarin is hit by Mark Scheifele and loses puck.
16:37 of 3rd period - Snap shot by Mark Scheifele.
16:37 of 3rd period - Stopped by Casey DeSmith with a rebound.
16:39 of 3rd period - Slapshot by Josh Manson.
16:39 of 3rd period - Stopped by Casey DeSmith with a rebound.
16:57 of 3rd period - Colin White is hit by Max Domi and loses puck.
17:21 of 3rd period - Off-side.
17:22 of 3rd period - Chandler Stephenson wins face-off versus Michael Rasmussen in neutral zone.
17:25 of 3rd period - Wrist shot by Teuvo Teravainen.
17:25 of 3rd period - Shot Blocked by Michael Rasmussen.
17:27 of 3rd period - Snap shot by J.T. Compher.
17:27 of 3rd period - Shot Blocked by Jonathan Drouin.
17:37 of 3rd period - Snap shot by Chandler Stephenson.
17:37 of 3rd period - Stopped by Casey DeSmith with a rebound.
17:43 of 3rd period - Snap shot by Teuvo Teravainen.
17:43 of 3rd period - Shot Misses the Net.
18:17 of 3rd period - Snap shot by Chandler Stephenson.
18:17 of 3rd period - Deflect By Michael Rasmussen.
18:17 of 3rd period - Shot Misses the Net.
18:17 of 3rd period - Puck is out of play.
18:18 of 3rd period - Mark Scheifele wins face-off versus Jordan Staal in Vegas Golden Knights zone.
18:21 of 3rd period - Snap shot by Mark Scheifele.
18:21 of 3rd period - Stopped by Casey DeSmith without a rebound.
18:22 of 3rd period - Mark Scheifele wins face-off versus Artemi Panarin in Vegas Golden Knights zone.
18:29 of 3rd period - Snap shot by Mark Scheifele.
18:29 of 3rd period - Deflect By Alex Killorn.
18:29 of 3rd period - Shot Misses the Net.
18:29 of 3rd period - Puck is out of play.
18:30 of 3rd period - Jordan Staal wins face-off versus Mark Scheifele in Vegas Golden Knights zone.
18:37 of 3rd period - Backhand shot by Mark Scheifele.
18:37 of 3rd period - Stopped by Casey DeSmith with a rebound.
18:39 of 3rd period - Wrist shot by Alex Killorn.
18:39 of 3rd period - Deflect By Artemi Panarin.
18:39 of 3rd period - Shot Misses the Net.
18:39 of 3rd period - Puck is out of play.
18:40 of 3rd period - Jordan Staal wins face-off versus Mark Scheifele in Vegas Golden Knights zone.
19:01 of 3rd period - Wrist shot by Alex Killorn.
19:01 of 3rd period - Stopped by Casey DeSmith without a rebound.
19:02 of 3rd period - Lindy Ruff call a timeout for Vegas Golden Knights.
19:02 of 3rd period - Jordan Staal wins face-off versus Chandler Stephenson in Vegas Golden Knights zone.
19:07 of 3rd period - Vegas Golden Knights, Casey DeSmith is pulled from the net.
19:09 of 3rd period - Wrist shot by Artemi Panarin.
19:09 of 3rd period - Stopped by Jack Campbell with a rebound.
19:11 of 3rd period - Snap shot by John Marino.
19:11 of 3rd period - Deflect By Tom Wilson.
19:11 of 3rd period - Stopped by Jack Campbell without a rebound.
19:12 of 3rd period - Jordan Staal wins face-off versus Chandler Stephenson in Anaheim Ducks zone.
19:29 of 3rd period - Wrist shot by Artemi Panarin.
19:29 of 3rd period - Stopped by Jack Campbell without a rebound.
19:30 of 3rd period - Artemi Panarin wins face-off versus Chandler Stephenson in Anaheim Ducks zone.
19:43 of 3rd period - Snap shot by Artemi Panarin.
19:43 of 3rd period - Shot Blocked by Ivan Provorov.
19:45 of 3rd period - Slapshot by Artemi Panarin.
19:45 of 3rd period - Deflect By Teuvo Teravainen.
19:45 of 3rd period - Shot Misses the Net.
19:45 of 3rd period - Puck is out of play.
19:46 of 3rd period - Jordan Staal wins face-off versus Chandler Stephenson in Anaheim Ducks zone.
19:57 of 3rd period - Wrist shot by Artemi Panarin.
19:57 of 3rd period - Deflect By Tom Wilson.
19:57 of 3rd period - Shot Blocked by Esa Lindell.
19:57 of 3rd period - Puck is out of play.
19:58 of 3rd period - Jordan Staal wins face-off versus Chandler Stephenson in Anaheim Ducks zone.
Goals for this period are 1 for Anaheim Ducks vs 1 for Vegas Golden Knights.
Shots for this period are 17 for Anaheim Ducks vs 11 for Vegas Golden Knights.
Back to the Top